 Dungeon Crawl Stone Soup version 0.32-a0-314-g526f7d4993 (webtiles) character file.

Game seed: 6019141070037569078

24 lunkers the Firebug (level 2, -3/20 HPs)
             Began as a Mountain Dwarf Fire Elementalist on Feb 15, 2024.
             Slain by a gnoll
             ... wielding a +0 spear
              (4 damage)
             ... on level 2 of the Dungeon.
             The game lasted 00:02:09 (1066 turns).

lunkers the Firebug (MDFE)                          Turns: 1066, Time: 00:02:10

Health: -3/20      AC:  6    Str: 10    XL:     2   Next: 79%
Magic:  0/5        EV: 10    Int: 15    God:
Gold:   55         SH:  0    Dex: 10    Spells: 2/5 levels left

rFire   . . .        g - +2 dagger (freeze)
rCold   . . .        (no shield)
rNeg    . . .        h - +0 ring mail {rPois}
rPois   +            (no helmet)
rElec   .            (no cloak)
rCorr   .            f - +0 pair of gloves
SInv    .            (no boots)
Will    .....        (no amulet)
Stlth   +            (no ring)
HPRegen 0.23/turn    (no ring)
MPRegen 0.09/turn

%: no passive effects
@: very slightly contaminated
A: runic magic, artefact enchanting
a: no special abilities


You were on level 2 of the Dungeon.
You visited 1 branch of the dungeon, and saw 2 of its levels.

You collected 55 gold pieces.

Inventory:

Hand Weapons
 g - a +2 dagger of freezing (weapon)
Armour
 a - a +0 robe
 f - a +0 pair of gloves (worn)
 h - a +0 ring mail of poison resistance (worn)
Scrolls
 c - a scroll of torment {unknown}
 e - a scroll of vulnerability {unknown}
Potions
 b - 2 potions of magic
 d - a potion of curing {unknown}


   Skills:
 - Level 1.3 Dodging
 - Level 1.4 Stealth
 + Level 2.2 Spellcasting
 - Level 0.8 Conjurations
 * Level 4.5 Fire Magic


You had 2 spell levels left.
You knew the following spells:

 Your Spells              Type           Power      Damage    Failure   Level
a - Foxfire               Conj/Fire      36%        2x1d5     9%          1
b - Scorch                Fire           30%        2d6       6%          2

Your spell library contained the following spells:

 Spells                   Type           Power      Damage    Failure   Level
 Inner Flame              Hex/Fire       8%         N/A       32%         3
 Volatile Blastmotes      Fire/Tloc      16%        2d11      32%         3
 Flame Wave               Conj/Fire      9%         2d6       65%         4


Dungeon Overview and Level Annotations

Branches:
Dungeon (2/15)

Altars:


Innate Abilities, Weirdness & Mutations

Your spellcasting is much less encumbered by armour.
You can use scrolls of enchantment on lesser artefacts.


Message History

You conjure some foxfire!
The foxfire hits the frilled lizard.
You kill the frilled lizard!
The foxfire hits the gnoll.
The gnoll is moderately wounded.
The gnoll hits you from afar with a +0 spear. x2
* * * LOW HITPOINT WARNING * * *
Casting: Foxfire (safe; 9% risk of failure)
Press: ? - help, Q - select action, (/) - cycle Dir - look around, f - activate You conjure some foxfire!
The foxfire hits the gnoll.
The gnoll is lightly wounded.
The foxfire hits the gnoll.
The gnoll is moderately wounded.
The gnoll hits you from afar with a +0 spear.
* * * LOW HITPOINT WARNING * * *
The gnoll hits you but does no damage.
Unknown command.
Casting: Foxfire (safe; 9% risk of failure)
Press: ? - help, Q - select action, (/) - cycle Dir - look around, f - activate You miscast Foxfire.
You are very lightly contaminated with residual magic.
Nothing appears to happen.
* * * LOW MAGIC WARNING * * *
The foxfire hits the gnoll but does no damage.
The foxfire hits the gnoll.
The gnoll is moderately wounded.
The gnoll hits you from afar with a +0 spear.
* * * LOW HITPOINT WARNING * * *
The gnoll barely misses you.
Unknown command.
Unknown command.
Unknown command.
A rat comes into view.
The gnoll attacks as it pursues you! The gnoll barely misses you.
The gnoll hits you with a +0 flail.
* * * LOW HITPOINT WARNING * * *
The gnoll attacks as it pursues you!
The gnoll hits you from afar with a +0 spear.
You die...

### #.. #.# #.#
########## #.########
##...@.g..###.........
........gg....+.........
.###.......†###.........
##..?........#######.
#.r.....†...# #.
#...........# #.
................ #.
.................. #.
................>.. #.


You could see 3 gnolls and a rat.

Vanquished Creatures
  A bat (D:1)
  3 endoplasms (D:1)
  2 goblins (D:1)
  3 hobgoblins (D:1)
  2 frilled lizards
  2 rats
13 creatures vanquished.

Vanquished Creatures (collateral kills)
  2 foxfires (D:1)
2 creatures vanquished.

Vanquished Creatures (others)
  32 foxfires
32 creatures vanquished.

Grand Total: 47 creatures vanquished

Notes
Turn   | Place    | Note
-------+----------+-------------------------------------------
     0 | D:1      | lunkers the Mountain Dwarf Fire Elementalist began the
                  | quest for the Orb.
     0 | D:1      | Reached XP level 1. HP: 14/14 MP: 3/3
   200 | D:1      | Reached skill level 4 in Fire Magic
   265 | D:1      | Reached XP level 2. HP: 17/20 MP: 0/5
   823 | D:1      | Learned a level 2 spell: Scorch
  1066 | D:2      | HP: 1/20 [gnoll/+0 flail (4)]
  1066 | D:2      | Slain by a gnoll

Illustrated notes

Levels and vault maps discovered:
D:1:      dpeg_arrival_line_fractal, layout_loops_ring, minmay_statues_item,
          serial_bayou_pond_a, nicolae_titane
D:2:      layout_basic, basic_altar, minmay_misc_feat_secret_circle

Skill      XL: |  1 |
---------------+----+-----
Fire Magic     | 4 |  4.5
Spellcasting   | 2 |  2.2
Dodging        | |  1.3
Stealth        | |  1.4
Conjurations   | |  0.8

Action                     || total
---------------------------++-------
  Melee: Unarmed           ||    13
         Dagger            ||     1
   Cast: Foxfire           ||    30
 Armour: Robe              ||    11
         Ring mail         ||    11
  Dodge: Dodged            ||    23

Table legend: (Time is in decaauts)
 A = Elapsed time spent in this place.
 B = Non-inter-level travel time spent in this place.
 C = Inter-level travel time spent in this place.
 D = Time resting spent in this place.
 E = Time spent auto-exploring this place.
 F = Levels seen in this place.
 G = Mean time per level.
                   A        B        C        D        E       F      G
               +--------+--------+--------+--------+--------+-----+--------+
         Total |   1066 |    935 |    131 |      0 |    789 |   2 |  533.0 |
       Dungeon |   1066 |    935 |    131 |      0 |    789 |   2 |  533.0 |
               +--------+--------+--------+--------+--------+-----+--------+

Top non-repeatable levels by time:
     D:1: 1025 daAuts
     D:2: 40 daAuts
